 Dungeon Crawl Stone Soup version 0.31-a0-435-g2c6fae2916 (webtiles) character file.

Game seed: 12235865414516856955

303 Ethylacetat the Insei (level 6, 0/33 HPs)
             Began as a Vine Stalker Monk on Aug 1, 2023.
             Slain by Pikel
             ... wielding a +2 whip of freezing
              (1 damage)
             ... on level 4 of the Dungeon.
             The game lasted 00:07:14 (2796 turns).

Ethylacetat the Insei (Vine Stalker Monk)           Turns: 2796, Time: 00:07:17

Health: 0/33       AC:  0    Str: 17    XL:     6   Next: 38%
Magic:  0/19       EV: 13    Int: 10    God:
Gold:   145        SH:  0    Dex: 18    Spells: 6/9 levels left

rFire   . . .        o - +6 hammer "Dragonslayer" {heavy, rPois MP+9 Str+3}
rCold   . . .        c - orb {light}
rNeg    . . .        (no body armour)
rPois   +            (no helmet)
rElec   .            (no cloak)
rCorr   .            (no gloves)
SInv    .            (no boots)
Will    .....        (no amulet)
Stlth   +            (no ring)
HPRegen 1.05/turn    (no ring)
MPRegen 0.16/turn

%: guardian spirit
@: glowing
A: fangs 2, regeneration 1, magic shield, antimagic bite, no potion heal 2
a: no special abilities


You were on level 4 of the Dungeon.
You visited 1 branch of the dungeon, and saw 4 of its levels.

You collected 145 gold pieces.

Inventory:

Hand Weapons
 o - the +6 hammer "Dragonslayer" (weapon) {heavy, rPois MP+9 Str+3}
   (You found it on level 2 of the Dungeon)

   Str:       It affects your strength (+3).
   rPois:     It protects you from poison.
   MP:        It affects your magic capacity (+9).
Armour
 c - an orb of light (worn)
 u - a +1 leather armour of fire resistance
Wands
 p - a wand of flame (17)
Scrolls
 a - a scroll of enchant armour {unknown}
 f - 2 scrolls of fear {unknown}
 g - a scroll of fog {unknown}
 i - a scroll of identify {unknown}
 j - 3 scrolls of teleportation {unknown}
 m - 3 scrolls of noise {unknown}
Potions
 b - a potion of ambrosia
 d - a potion of mutation {unknown}
 e - 2 potions of curing {unknown}
 h - a potion of attraction {unknown}
 k - 2 potions of heal wounds {unknown}
 l - a potion of brilliance {unknown}
 n - a potion of magic {unknown}
 q - 2 potions of enlightenment {unknown}
 r - a potion of haste {unknown}
 t - a potion of resistance {unknown}


   Skills:
 * Level 4.2 Fighting
 + Level 1.1 Maces & Flails
 - Level 2.7 Dodging
 * Level 4.7 Unarmed Combat
 + Level 2.0 Spellcasting
 + Level 0.5 Translocations
 + Level 0.5 Air Magic


You had 6 spell levels left.
You knew the following spells:

 Your Spells              Type           Power      Damage    Failure   Level
a - Vhi's Electric Charg  Tloc/Air       4%         N/A       58%         3

Your spell library contained the following spells:

 Spells                   Type           Power      Damage    Failure   Level
 Summon Small Mammal      Summ           4%         N/A       30%         1
 Call Canine Familiar     Summ           1%         N/A       67%         3
 Summon Guardian Golem    Hex/Summ       1%         N/A       67%         3
 Arcjolt                  Conj/Air       0%         1d10      100%        5
 Plasma Beam              Fire/Air       0%         2x1d10    100%        6


Dungeon Overview and Level Annotations

Branches:
Dungeon (4/15)
 Temple: D:4-7

Altars:
Kikubaaqudgha

Annotations:
D:4 Pikel


Innate Abilities, Weirdness & Mutations

You have extremely sharp teeth.
Your natural rate of healing is unusually fast.
When hurt, damage is shared between your health and your magic reserves.
Your bite disrupts and absorbs the magic of your enemies.
Potions cannot restore your health.


Message History

You feel invigorated.
The lemure is almost dead.
The lemure barely misses you. The lemure misses you.
You barely miss the lemure.
The lemure is almost dead.
You hit Pikel. You bite Pikel. You drain his power.
You feel invigorated.
Pikel is lightly wounded.
Pikel completely misses you.
Pikel hits you with a +2 whip of freezing.
Pikel freezes you.
You hit Pikel but do no damage.
Pikel is lightly wounded.
Pikel hits you with a +2 whip of freezing!
Pikel freezes you.
A lemure comes into view.
Pikel hits you with a +2 whip of freezing.
Pikel freezes you.
You barely miss Pikel.
Pikel is lightly wounded.
Pikel hits you with a +2 whip of freezing!
Pikel freezes you.
Pikel hits you with a +2 whip of freezing.
Pikel freezes you.
Pikel hits you with a +2 whip of freezing!
* * * LOW HITPOINT WARNING * * *
Pikel freezes you.
* * * LOW HITPOINT WARNING * * *
Okay, then.
You hit Pikel. Your bite misses Pikel.
Pikel is lightly wounded.
Pikel barely misses you.
A ball python comes into view.
The ball python hisses angrily.
You sock Pikel!
Pikel is heavily wounded.
Pikel barely misses you.
Pikel hits you with a +2 whip of freezing!
* * * LOW HITPOINT WARNING * * *
Pikel freezes you.
You die...

#########.# #.#
#.........#
#.######### #.#
#.##############
#..............#
##############.#
#########h##
#......@K55#
#.#######5.#
#.5# #..#
#........h..
#.#.5######.
......# ###K##.#
#. ...


You could see Pikel, 4 lemures and a hound.

Vanquished Creatures
  An orc priest (D:4)
  A jelly (D:4)
  Crazy Yiuf (D:2)
  A sleepcap (D:4)
  2 orc wizards (D:3)
  2 adders (D:3)
  3 gnolls (D:3)
  2 worms
  2 dart slugs
  5 orcs
  8 ball pythons
  9 endoplasms
  A giant cockroach (D:1)
  6 goblins
  5 hobgoblins
  4 jackals (D:1)
  5 kobolds
  7 quokkas
  4 bats
  2 frilled lizards
  7 rats
78 creatures vanquished.

Notes
Turn   | Place    | Note
-------+----------+-------------------------------------------
     0 | D:1      | Ethylacetat the Vine Stalker Monk began the quest for the
                  | Orb.
     0 | D:1      | Reached XP level 1. HP: 11/11 MP: 2/2
   136 | D:1      | You fall into a shaft and drop 1 floor!
   162 | D:2      | Reached XP level 2. HP: 8/16 MP: 1/3
   569 | D:1      | Reached XP level 3. HP: 19/20 MP: 4/4
  1042 | D:2      | Found a runed translucent door.
  1043 | D:2      | Noticed Crazy Yiuf
  1344 | D:2      | Killed Crazy Yiuf
  1345 | D:2      | Reached skill level 1 in Spellcasting
  1345 | D:2      | Gained mutation: Your natural rate of healing is unusually
                  | fast. [Vine Stalker growth]
  1345 | D:2      | Reached XP level 4. HP: 24/24 MP: 6/6
  1392 | D:2      | Identified the +6 hammer "Dragonslayer" {heavy, rPois MP+9
                  | Str+3}
  1613 | D:3      | Reached XP level 5. HP: 26/29 MP: 7/7
  2250 | D:3      | Found an ancient bone altar of Kikubaaqudgha.
  2396 | D:3      | Learned a level 3 spell: Vhi's Electric Charge
  2466 | D:4      | Reached skill level 1 in Maces & Flails
  2466 | D:4      | Reached XP level 6. HP: 33/33 MP: 9/9
  2783 | D:4      | Noticed Pikel
  2796 | D:4      | HP: 1/33 [Pikel/+2 whip of freezing (5)]
  2796 | D:4      | Slain by Pikel

Illustrated notes

Levels and vault maps discovered:
D:1:      mrwooster_arrival_statue_3, layout_basic, nrook_uturn
D:2:      layout_rooms, uniq_crazy_yiuf_cottage
D:3:      layout_loops_corners, nicolae_overflow_hidden_temple,
          minmay_randomly_rotated_circles
D:4:      layout_loops_ring, uniq_pikel

Skill      XL: |  1  2  3  4  5  6 |
---------------+-------------------+-----
Fighting       | 3 4 |  4.2
Spellcasting   | 1 2 |  2.0
Unarmed Combat | 4 |  4.7
Maces & Flails | 1 |  1.1
Dodging        | |  2.7
Translocations | |  0.5
Air Magic      | |  0.5

Action                     |  1- 3 |  4- 6 || total
---------------------------+-------+-------++-------
  Melee: Unarmed           |    96 |       ||    96
         Bite              |    23 |    16 ||    39
         Mace              |       |    72 ||    72
    Use: Potion            |     1 |       ||     1
 Armour: Robe              |    11 |     4 ||    15
         Skin              |     3 |       ||     3
  Dodge: Dodged            |    57 |    54 ||   111

Table legend: (Time is in decaauts)
 A = Elapsed time spent in this place.
 B = Non-inter-level travel time spent in this place.
 C = Inter-level travel time spent in this place.
 D = Time resting spent in this place.
 E = Time spent auto-exploring this place.
 F = Levels seen in this place.
 G = Mean time per level.
                   A        B        C        D        E       F      G
               +--------+--------+--------+--------+--------+-----+--------+
         Total |   2864 |   2772 |     92 |     43 |   2189 |   4 |  716.0 |
       Dungeon |   2864 |   2772 |     92 |     43 |   2189 |   4 |  716.0 |
               +--------+--------+--------+--------+--------+-----+--------+

Top non-repeatable levels by time:
     D:3: 1018 daAuts
     D:1: 852 daAuts
     D:2: 629 daAuts
     D:4: 363 daAuts
